 Dungeon Crawl Stone Soup version 0.29-a0-330-g52719c12eb (webtiles) character file.

Game seed: 9032487498303995121

23 Anon1729 the Ducker (level 2, -1/24 HPs)
             Began as a Merfolk Monk on May 20, 2022.
             Was a Believer of Trog.
             Slain by an adder (3 damage)
             ... on level 2 of the Dungeon.
             The game lasted 00:00:48 (1083 turns).

Anon1729 the Ducker (Merfolk Monk)                  Turns: 1083, Time: 00:00:49

Health: -1/24      AC:  2    Str: 11    XL:     2   Next: 95%
Magic:  2/2        EV: 14    Int:  9    God:    Trog [**....]
Gold:   129        SH:  0    Dex: 16    Spells: 1/1 levels left

rFire   . . .      SeeInvis .   a - +0 falchion
rCold   . . .      Faith    .   (no shield)
rNeg    . . .      Spirit   .   b - +0 robe
rPois   .          Reflect  .   (no helmet)
rElec   .          Harm     .   (no cloak)
rCorr   .          Rampage  .   (no gloves)
Will    .....                   (no boots)
Stlth   ++........              (no amulet)
HPRegen 0.08/turn               (no ring)
MPRegen 0.08/turn               (no ring)

@: lethally poisoned (-1 -> -4)
A: (nimble swimmer 2), mertail
a: Renounce Religion, Berserk, Trog's Hand


You were on level 2 of the Dungeon.
You worshipped Trog.
Trog was pleased with you.
You visited 1 branch of the dungeon, and saw 2 of its levels.

You collected 129 gold pieces.

Inventory:

Hand Weapons
 a - a +0 falchion (weapon)
Missiles
 d - 2 throwing nets (quivered)
Armour
 b - a +0 robe (worn)
Scrolls
 g - a scroll of identify {unknown}
 j - a scroll of magic mapping {unknown}
 l - a scroll of immolation {unknown}
Potions
 c - a potion of ambrosia
 e - a potion of berserk rage {unknown}
 f - a potion of mutation {unknown}
 h - a potion of flight {unknown}
 i - 2 potions of degeneration {unknown}
 k - 2 potions of curing {unknown}
 m - a potion of haste {unknown}
 n - a potion of invisibility {unknown}


   Skills:
 + Level 3.6 Fighting
 + Level 4.0 Long Blades
 + Level 4.4 Dodging
 + Level 2.7 Stealth


You had one spell level left.
You didn't know any spells.
Your spell library was empty.

Dungeon Overview and Level Annotations

Branches:
Dungeon (2/15)

Altars:
Trog

Shops:
D:2 :(


Innate Abilities, Weirdness & Mutations

((You are very nimble when in or above water. (Stealth+, EV+, Speed+++)))
Your lower body shifts to a powerful aquatic tail in water.


Message History

You hit the kobold.
The kobold is severely wounded.
The kobold misses you.
You barely miss the kobold.
The kobold is severely wounded.
The kobold closely misses you.
You hit the kobold.
You kill the kobold!
Trog accepts your kill. The goblin completely misses you.
Your Long Blades skill increases to level 4!
You miss the goblin. The goblin barely misses you.
You completely miss the adder. The goblin hits you with a +0 dagger.
The adder bites you.
You barely miss the adder. The adder bites you.
You are poisoned.
The adder poisons you! The goblin hits you but does no damage.
The adder bites you.
You miss the adder.
You feel sick. The goblin hits you with a +0 dagger. The adder misses you.
The goblin misses you.
You are too injured to fight recklessly!
There are monsters nearby!
There are monsters nearby!
The adder attacks as you move away! The adder bites you.
You feel sick.
You see here 28 stones.
You slash the goblin!
You kill the goblin!
Trog accepts your kill.
You feel sick.
You are no longer poisoned.
The adder closely misses you. The adder barely misses you.
You hit the adder but do no damage. The adder bites you.
* * * LOW HITPOINT WARNING * * *
You are lethally poisoned!
The adder poisons you!
You hit the adder.
The adder is moderately wounded.
* * * LOW HITPOINT WARNING * * *
You feel sick. The adder bites you.
You die...

#. ##. .. #####'#
.(..... .......
....##+# ......)##
#...##.# ## #..S###
#...##.# #. #.#)@.#
#...##.# ## # #...#
#...##.# ##
#.#...#####...##.# #.
#.....+.......##.###.
#.....#8.8.8.......#.
#.......⌠.⌠...###....
##.###.8.∩.8))# #....
#. #..⌠.⌠...# #....
#. #.8.8.8..# #....


You could see an adder.

Vanquished Creatures
  A ball python (D:1)
  An endoplasm (D:1)
  A giant cockroach (D:1)
  4 goblins
  2 hobgoblins (D:1)
  2 kobolds (D:2)
  A quokka (D:1)
  4 bats
  A frilled lizard (D:1)
  2 rats (D:2)
19 creatures vanquished.

Notes
Turn   | Place    | Note
-------+----------+-------------------------------------------
     0 | D:1      | Anon1729 the Merfolk Monk began the quest for the Orb.
     0 | D:1      | Reached XP level 1. HP: 18/18 MP: 1/1
   377 | D:1      | Reached XP level 2. HP: 18/24 MP: 2/2
   556 | D:1      | Found a faded altar of an unknown god.
   655 | D:1      | Prayed at the altar of an unknown god.
   655 | D:1      | Became a worshipper of Trog the Wrathful
   655 | D:1      | Reached * piety under Trog
   655 | D:1      | Reached ** piety under Trog
   899 | D:2      | Found Eqoap's Antique Weapon Shop.
   982 | D:2      | Found Vocaniuh's Book Emporium.
  1083 | D:2      | Slain by an adder

Illustrated notes

Levels and vault maps discovered:
D:1:      saegor_arrival_simple_c, layout_basic,
          shapermc_ecumenical_altar_acropolis, hangedman_feature_mirror,
          st_stairs_5
D:2:      layout_basic, serial_shops, shop, shop, shop_fountains,
          nicolae_shop_temple_entry_statues_fountains, shop

Skill      XL: |  1  2 |
---------------+-------+-----
Long Blades    | 4 |  4.0
Fighting       | |  3.6
Dodging        | |  4.4
Stealth        | |  2.7

Action                   || total
-------------------------++-------
Melee: Falchion          ||    54
       Punch             ||     1
 Stab: Sleeping          ||     2
Armor: Robe              ||     8
Dodge: Dodged            ||    47

Table legend: (Time is in decaauts)
 A = Elapsed time spent in this place.
 B = Non-inter-level travel time spent in this place.
 C = Inter-level travel time spent in this place.
 D = Time resting spent in this place.
 E = Time spent auto-exploring this place.
 F = Levels seen in this place.
 G = Mean time per level.
                   A        B        C        D        E       F      G
               +--------+--------+--------+--------+--------+-----+--------+
         Total |   1087 |   1026 |     61 |      0 |    879 |   2 |  543.5 |
       Dungeon |   1087 |   1026 |     61 |      0 |    879 |   2 |  543.5 |
               +--------+--------+--------+--------+--------+-----+--------+

Top non-repeatable levels by time:
     D:1: 887 daAuts
     D:2: 200 daAuts
